 Dungeon Crawl Stone Soup version 0.17-a0-1115-g0372368 (webtiles) character file.

35 Geekete the Skirmisher (level 3, 0/49 HPs)
             Began as a Draconian Berserker on May 23, 2015.
             Was a Believer of Trog.
             Succumbed to an adder's poison
             ... on level 2 of the Dungeon.
             The game lasted 00:07:31 (1405 turns).

Geekete the Skirmisher (Draconian Berserker)        Turns: 1405, Time: 00:07:31

Health: 0/49       AC: 21    Str: 20    XL:     3   Next: 16%
Magic:  3/3        EV:  2    Int:  9    God:    Trog [**....]
Gold:   57         SH:  0    Dex:  8    Spells: 0 memorised, 2 levels left

rFire  . . .     SeeInvis .     c - -3 whip (curse)
rCold  . . .     Clarity  .     (armour unavailable)
rNeg   + + +     SustAt   .     (no shield)
rPois  +         Gourm    .     (helmet currently unavailable)
rElec  .         Spirit   .     (cloak currently unavailable)
rCorr  .         Warding  .     (gloves currently unavailable)
rMut   .         NoTele   +     (boots currently unavailable)
MR     .....                    (no amulet)
Stlth  +.........               (no ring)
                                (no ring)

@: lethally poisoned (0 -> -2), tree-form, very slightly contaminated, hasted,
very quick, not resistant to hostile enchantments, very unstealthy
A: unfitting armour, clever 1, clumsy 1, (cold-blooded), AC +5
a: Burn Spellbooks, Berserk, Trog's Hand, Renounce Religion


You were on level 2 of the Dungeon.
You worshipped Trog.
Trog was pleased with you.
You were hungry.
You were a tree.
You visited 1 branch of the dungeon, and saw 3 of its levels.

You collected 57 gold pieces.

Inventory:

Hand weapons
 a - a +0 mace
 c - a cursed -3 whip (weapon)
 g - a +0 club
 i - a +0 hand axe
 t - a +0 whip
 v - a +0 club
Missiles
 d - 82 stones (quivered)
 k - 5 needles of slowing
 q - 15 arrows
Magical devices
 e - a wand of digging (17)
 m - a wand of teleportation (4)
Scrolls
 p - a scroll of identify
Comestibles
 b - 3 bread rations
 f - a beef jerky
 j - a royal jelly
 n - a slice of pizza
 s - 2 chunks of flesh


   Skills:
 + Level 3.8 Fighting
 + Level 3.4 Maces & Flails
 + Level 3.1 Dodging


You had 2 spell levels left.
You didn't know any spells.

Dungeon Overview and Level Annotations

Branches:
Dungeon (3/15)

Altars:
Fedhas


Innate Abilities, Weirdness & Mutations

((Your plain brown scales are hard (AC +5).))
Your body does not fit into most forms of armour.
((You are cold-blooded and may be slowed by cold attacks.))
Your mind is acute. (Int +2)
You are clumsy. (Dex -2)


Message History

You barely miss the adder.
The adder is severely wounded.
The adder bites you.
* * * LOW HITPOINT WARNING * * *
The hobgoblin hits you but does no damage.
You miss the adder.
The adder is severely wounded.
The adder bites you.
* * * LOW HITPOINT WARNING * * *
The goblin hits you but does no damage.
You miss the adder.
The adder is severely wounded.
The adder bites you but does no damage.
The hobgoblin hits you but does no damage.
You closely miss the adder.
The adder is severely wounded.
The goblin hits you but does no damage. The adder bites you but does no damage.
You closely miss the adder.
The adder is severely wounded.
You die...

###########################
.......†......(..........>#
###...##.......(..###.#####
#.. #.....!....# #.# #.
#....(..(..# #.# #
#..........# #.#
#...g♣.....# #.#
#...gS..[### #.# #.....^..#
#.. #........# #........#
#......... #..........
#################......
.......<.....#


You could see an adder (inner flame), a hobgoblin (inner flame) and a goblin
(inner flame).

Vanquished Creatures
  An adder (D:2)
  A giant gecko (D:1)
  A giant cockroach (D:2)
  4 goblins
  4 hobgoblins
  4 kobolds (D:1)
  A quokka (D:2)
  3 bats (D:2)
  3 giant newts
  3 rats
  3 fungi (D:2)
28 creatures vanquished.

Notes
Turn   | Place    | Note
--------------------------------------------------------------
     0 | D:1      | Geekete the Draconian Berserker began the quest for the Orb.
     0 | D:1      | Reached XP level 1. HP: 19/19 MP: 1/1
   346 | D:1      | Reached XP level 2. HP: 20/26 MP: 2/2
   837 | D:2      | Reached XP level 3. HP: 19/33 MP: 3/3
   981 | D:2      | Acquired Trog's second power
  1130 | D:2      | Found a blossoming altar of Fedhas.
  1384 | D:2      | Gained mutation: Your mind is acute. (Int +2) [potion of mutation]
  1384 | D:2      | Gained mutation: You are clumsy. (Dex -2) [potion of mutation]
  1401 | D:2      | HP: 2/49 [adder (2)]
  1405 | D:2      | Succumbed to an adder's poison

Vault maps used:
D:1:      lemuel_arrival_cross
D:2:      fedhas_altar_3
D:3:      nrook_mini_vaults

Action                   || total
-------------------------++-------
Melee: Mace              ||    32
       Whip              ||   167
Evoke: Wand              ||     1
  Use: Scroll            ||     5
       Potion            ||     5
  Eat: Chunk             ||     1
